 Dungeon Crawl Stone Soup version 0.18-a0-1800-gdc7a371 (webtiles) character file.

4831 graki42 the Nimble (level 10, -6/65 HPs)
             Began as a Halfling Assassin on Apr 24, 2016.
             Was the Champion of Makhleb.
             Impaled on a porcupine's spines (8 damage)
             ... on level 8 of the Dungeon.
             The game lasted 00:48:52 (11055 turns).

graki42 the Nimble (Halfling Assassin)             Turns: 11055, Time: 00:48:53

Health: -6/65      AC:  9    Str: 11    XL:     10   Next: 77%
Magic:  14/14      EV: 23    Int: 16    God:    Makhleb [******]
Gold:   499        SH:  0    Dex: 20    Spells: 0 memorised, 9 levels left

rFire  . . .     SeeInvis .     a - +3 dagger
rCold  . . .     Gourm    .     o - +3 leather armour
rNeg   . . .     Faith    .     (shield restricted)
rPois  .         Spirit   .     (no helmet)
rElec  .         Dismiss  .     d - +0 cloak
rCorr  .         Reflect  .     J - +1 pair of gloves
SustAt .         Harm     .     (no boots)
MR     .....                    (no amulet)
Stlth  +++++.....               (no ring)
                                c - +6 ring of intelligence

@: not resistant to hostile enchantments, quite stealthy
A: mutation resistance 1
a: Minor Destruction, Lesser Servant of Makhleb, Major Destruction, Greater
Servant of Makhleb, Renounce Religion


You were on level 8 of the Dungeon.
You worshipped Makhleb.
Makhleb was exalted by your worship.
You were not hungry.

You visited 1 branch of the dungeon, and saw 8 of its levels.
You also visited: Sewer.

You collected 499 gold pieces.

Inventory:

Hand Weapons
 a - a +3 dagger (weapon)
 b - a +0 blowgun
Missiles
 t - 11 poisoned needles
Armour
 d - a +0 cloak (worn)
 o - a +3 leather armour (worn)
 J - a +1 pair of gloves (worn)
Jewellery
 c - a +6 ring of intelligence (left hand)
Wands
 C - a wand of acid (13/15)
 F - a wand of flame (23/48)
Scrolls
 j - 3 scrolls of fog
 k - 2 scrolls of teleportation
 m - 2 scrolls of recharging
 v - 2 scrolls of identify
 w - 4 scrolls of remove curse
 B - a scroll of blinking
 D - a scroll of noise {unknown}
 G - a scroll of vulnerability {unknown}
 K - a scroll of enchant weapon
Potions
 e - 6 potions of heal wounds
 f - 5 potions of curing
 h - 3 potions of agility
 i - 2 potions of brilliance
 l - a potion of resistance
 n - 3 potions of might
 s - 2 potions of haste {unknown}
 u - a potion of lignification {unknown}
 x - 5 potions of flight {unknown}
 z - 2 potions of invisibility {unknown}
 H - a potion of mutation {unknown}
 I - a potion of beneficial mutation {unknown}
Books
 y - a book of Beasts

   Spells                             Type                      Level
   a - Summon Butterflies             Summoning                    1
   b - Call Canine Familiar           Summoning                    3
   c - Summon Ice Beast               Ice/Summoning                4
   d - Summon Mana Viper              Hexes/Summoning              5
   e - Summon Hydra                   Summoning                    7
 E - a book of Conjurations

   Spells                             Type                      Level
   a - Magic Dart                     Conjuration                  1
   b - Searing Ray                    Conjuration                  2
   c - Dazzling Spray                 Conjuration/Hexes            3
   d - Fulminant Prism                Conjuration/Hexes            4
   e - Iskenderun's Mystic Blast      Conjuration                  4
   f - Iskenderun's Battlesphere      Conjuration/Charms           5
Comestibles
 g - 6 bread rations
 p - a royal jelly
 q - a beef jerky
 r - 2 chunks of flesh
 A - 7 fruits
 L - a meat ration


   Skills:
 + Level 4.5 Fighting
 + Level 7.6 Short Blades
 + Level 3.8 Throwing
 + Level 4.3 Armour
 + Level 9.8 Dodging
 + Level 8.4 Stealth
 * Level 6.3 Invocations


You had 9 spell levels left.
You didn't know any spells.

Dungeon Overview and Level Annotations

Branches:
Dungeon (8/15)             Temple (0/1) D:4            Lair (0/8) D:8

Altars:
Ashenzari
Fedhas
Kikubaaqudgha
Makhleb
Nemelex Xobeh
Ru
Trog
Vehumet
Yredelemnul
The Shining One

Annotations:
D:4 Pikel


Innate Abilities, Weirdness & Mutations

You are small and have problems with some larger weapons.
You are somewhat resistant to further mutation.


Message History

The porcupine is lightly wounded.
The porcupine bites you!
* * * LOW HITPOINT WARNING * * *
Your cacodemon gestures at the kobold.
The kobold appears confused.
The kobold hits the porcupine but does no damage.
The porcupine closely misses your cacodemon.
Your cacodemon hits the kobold!!
The kobold dies!
Makhleb accepts your kill.
Your cacodemon gestures at the porcupine.
The porcupine twists and deforms.
You see here a stone.
Your cacodemon closely misses the porcupine.
Your cacodemon barely misses the porcupine.
The porcupine misses you.
Your cacodemon is struck by the porcupine's spines.
Your cacodemon hits the porcupine. Your cacodemon hits the porcupine!
You are struck by the porcupine's spines.
You die...

. #.. ......#.#... ..........
..##.#####......... .....#....
........#......#.# #..#.#....
#...#.....)..#.# #....#....
#.....(#)))##.###.........)
###.....(.(##.....##...#.#.
####††.......#.....#........
.........#%#...2......#.#.....#
..............@r.<......###....
.....##..........).....## #..##
..... #........|...>...# #.. #
.... ##................# #.. #
.....#..........#....%.# #.. #
...#..........[.#.)...... ...##
###...........).$...........
#..........##.##........##
#..........##.. ....... #


You could see a porcupine and a friendly cacodemon.

Vanquished Creatures
  Prince Ribbit (D:6)
  A yak (D:8)
  A hippogriff (D:7)
  A hungry ghost (D:7)
  Edmund (D:6)
  2 ice beasts
  A slave (D:4)
  2 orc warriors
  2 ogres
  2 necrophages (D:7)
  A crocodile (D:8)
  4 centaurs
  A big kobold (Sewer)
  Blork the orc (D:6)
  2 giant frogs (D:6)
  2 scorpions
  6 killer bees
  A wight (D:8)
  2 howler monkeys
  3 crimson imps
  A giant frog zombie (D:5)
  6 hounds
  A jelly (D:7)
  3 orc priests
  4 orc wizards
  A centaur skeleton (D:5)
  2 giant frog skeletons
  2 gnoll shamans (D:5)
  An iguana (D:4)
  5 worker ants
  3 hound zombies
  3 hound skeletons
  A worker ant zombie (D:5)
  39 gnolls
  14 adders
  6 river rats
  3 oozes
  2 adder zombies
  A worm (D:3)
  3 giant geckos
  19 orcs
  2 bats
  3 giant cockroaches
  6 goblins
  4 hobgoblins
  20 jackals
  3 quokkas
  10 ball pythons
  A ball python skeleton (D:4)
  A giant gecko skeleton (D:4)
  10 giant newts
  16 kobolds
  28 rats
261 creatures vanquished.

Vanquished Creatures (collateral kills)
  A hungry ghost (D:8)
  A porcupine (D:8)
  An orc warrior (D:5)
  A sky beast (D:8)
  2 necrophages (D:7)
  An ogre (D:8)
  A big kobold (D:8)
  A scorpion (D:7)
  3 killer bees (D:8)
  3 wights (D:8)
  2 jellies
  A crimson imp (D:8)
  A centaur skeleton (D:7)
  A worker ant (D:8)
  A hound zombie (D:7)
  A worker ant zombie (D:8)
  3 gnolls (D:8)
  3 river rats (D:8)
  An adder zombie (D:7)
  3 orcs (D:8)
  5 kobolds (D:8)
  A quokka (D:7)
  A quokka zombie (D:7)
  A bush (D:7)
40 creatures vanquished.

Vanquished Creatures (others)
  A bush (D:8)
  2 fungi (D:8)
  10 plants
13 creatures vanquished.

Grand Total: 314 creatures vanquished

Notes
Turn   | Place    | Note
--------------------------------------------------------------
     0 | D:1      | graki42 the Halfling Assassin began the quest for the Orb.
     0 | D:1      | Reached XP level 1. HP: 14/14 MP: 1/1
   109 | D:1      | Reached XP level 2. HP: 19/19 MP: 2/2
   728 | D:2      | Reached skill level 5 in Stealth
   905 | D:2      | Reached XP level 3. HP: 21/24 MP: 3/3
  1035 | D:2      | Found a burning altar of Makhleb.
  1035 | D:2      | Found a bloodstained altar of Trog.
  1035 | D:2      | Found a sparkling altar of Nemelex Xobeh.
  1043 | D:2      | Became a worshipper of Makhleb the Destroyer
  1125 | D:2      | Found an ancient bone altar of Kikubaaqudgha.
  1196 | D:2      | Found a sacrificial altar of Ru.
  1306 | D:3      | Reached XP level 4. HP: 26/29 MP: 4/4
  1376 | D:3      | Reached skill level 2 in Dodging
  1432 | D:3      | Reached XP level 5. HP: 11/34 MP: 5/5
  1743 | D:3      | Reached * piety under Makhleb
  1944 | D:3      | Found a glowing golden altar of the Shining One.
  2097 | D:3      | Reached skill level 1 in Armour
  2182 | D:4      | Found a staircase to the Ecumenical Temple.
  2261 | D:4      | Reached skill level 3 in Dodging
  2261 | D:4      | Reached XP level 6. HP: 39/39 MP: 6/6
  2363 | D:4      | Noticed Pikel
  2363 | D:4      | Noticed a slave
  2363 | D:4      | Noticed a slave
  2363 | D:4      | Noticed a slave
  2364 | D:4      | Noticed a slave
  2387 | D:5      | Entered Level 5 of the Dungeon
  2431 | D:5      | Noticed an orc warrior
  3210 | D:4      | Reached XP level 7. HP: 34/45 MP: 7/7
  3226 | D:4      | Reached ** piety under Makhleb
  3226 | D:4      | Reached skill level 4 in Dodging
  3422 | D:4      | HP: 2/45 [poisoned by a scorpion]
  4586 | D:5      | Reached skill level 5 in Dodging
  4729 | D:5      | Reached *** piety under Makhleb
  4730 | D:5      | Found a radiant altar of Vehumet.
  4765 | D:5      | Reached XP level 8. HP: 52/52 MP: 8/8
  5004 | D:5      | Reached skill level 1 in Invocations
  5946 | D:5      | Reached skill level 5 in Short Blades
  6073 | D:5      | Reached skill level 6 in Dodging
  6246 | D:5      | Reached **** piety under Makhleb
  7222 | D:5      | Reached XP level 9. HP: 49/57 MP: 11/11
  7373 | D:6      | Reached skill level 7 in Dodging
  7443 | D:6      | Noticed Blork the orc
  7450 | D:6      | Killed Blork the orc
  7510 | D:6      | Found a glowing drain.
  7520 | Sewer    | Entered a sewer
  7646 | Sewer    | Reached ***** piety under Makhleb
  8330 | D:6      | Noticed Prince Ribbit
  8341 | D:6      | Killed Prince Ribbit
  8386 | D:6      | Noticed Edmund
  8405 | D:6      | Killed Edmund
  8405 | D:6      | Reached skill level 8 in Dodging
  9091 | D:7      | Reached skill level 5 in Invocations
  9091 | D:7      | Reached XP level 10. HP: 63/63 MP: 13/13
  9141 | D:7      | Found a basalt altar of Yredelemnul.
  9275 | D:7      | Found a shattered altar of Ashenzari.
  9452 | D:7      | Reached skill level 9 in Dodging
  9590 | D:7      | Found a blossoming altar of Fedhas.
 10508 | D:8      | Reached ****** piety under Makhleb
 10576 | D:8      | Found a staircase to the Lair.
 10591 | D:8      | HP: 3/65 [porcupine (6)]
 11048 | D:8      | HP: 1/65 [porcupine (8)]
 11055 | D:8      | Impaled on a porcupine's spines

Vault maps used:
D:1:      lightli_arrival_maybe_door_vault
D:2:      kiku_gazebo_garden_becter, nicolae_ru_the_path_less_chosen,
          gammafunk_temple_overflow_forgotten
D:3:      marbit_many_paths
D:4:      minmay_temple_entry_overgrown, minivault_14, uniq_pikel
D:5:      lemuel_castle_with_subvaults, first_bread, basic_altar,
          grunt_decor_fettered
D:6:      portal_sewer_entry_e, uniq_edmund, uniq_blork_the_orc,
          uniq_prince_ribbit1
D:7:      kennysheep_little_box, nicolae_overflow_crystal_walls,
          fedhas_altar_decomposition
D:8:      minmay_lair_entry_grove
Sewer:    sewer_minmay_treatment

Skill      XL: |  1  2  3  4  5  6  7  8  9 10 |
---------------+-------------------------------+-----
Short Blades   | 3 4 5 6 7 |  7.6
Stealth        | 5 6 7 8 |  8.4
Fighting       | 2 3 4 |  4.5
Dodging        | 2 3 5 6 8 9 |  9.8
Armour         | 1 2 3 4 |  4.3
Invocations    | 3 5 6 |  6.3
Throwing       | 3 |  3.8

Action                   |  1- 3 |  4- 6 |  7- 9 | 10-12 || total
-------------------------+-------+-------+-------+-------++-------
Melee: Dagger            |    46 |   198 |  1092 |   387 ||  1723
 Fire: Blowgun           |       |    17 |    36 |       ||    53
Throw: Throwing net      |       |       |     9 |     1 ||    10
Invok: Minor Destruction |       |       |     6 |       ||     6
       Lesser Servant of |       |       |     1 |     3 ||     4
       Greater Servant o |       |       |       |     1 ||     1
  Use: Potion            |       |       |     7 |       ||     7
       Scroll            |       |       |    11 |     1 ||    12
 Stab: Sleeping          |     9 |     7 |    23 |    12 ||    51
       Distracted        |     1 |       |     2 |     3 ||     6
       Held in net/web   |       |       |     5 |     1 ||     6
       Confused          |       |       |       |     1 ||     1
  Eat: Chunk             |     1 |     4 |    22 |     3 ||    30
       Fruit             |       |     1 |     1 |     1 ||     3
       Meat ration       |       |       |       |     1 ||     1
       Beef jerky        |       |       |       |     1 ||     1
Armor: Robe              |     8 |       |       |       ||     8
       Leather armour    |     2 |    48 |   195 |    32 ||   277
Dodge: Dodged            |    29 |   151 |   909 |   230 ||  1319
